 Dungeon Crawl Stone Soup version 0.25.1-2-g60ff931df9 (webtiles) character file.

Game seed: 6828989923523707260

222 KyoPewz the Skirmisher (level 5, -1/59 HPs)
             Began as an Ogre Berserker on Oct 4, 2020.
             Was a Priest of Trog.
             Splashed by a jelly's acid (7 damage)
             ... on level 3 of the Dungeon on Oct 5, 2020.
             The game lasted 00:05:26 (3842 turns).

KyoPewz the Skirmisher (Ogre Berserker)             Turns: 3842, Time: 00:05:26

Health: -1/59      AC: -5    Str: 21    XL:     5   Next: 99%
Magic:  5/5        EV: 11    Int:  8    God:    Trog [***...]
Gold:   153        SH:  0    Dex:  9    Spells: 4/4 levels left

rFire    . . .     SeeInvis .   a - +0 mace
rCold    . . .     Gourm    .   (no shield)
rNeg     . . .     Faith    .   b - +0 animal skin
rPois    .         Spirit   .   (helmet restricted)
rElec    .         Reflect  .   (no cloak)
rCorr    .         Harm     .   (gloves unavailable)
MR       ++...                  (boots unavailable)
Stlth    +.........             (no amulet)
HPRegen  1.19/turn              (no ring)
MPRegen  0.09/turn              (no ring)

@: corroded, starving, regenerating
A: large, unfitting armour, tough skin 1
a: Berserk, Trog's Hand, Renounce Religion


You were on level 3 of the Dungeon.
You worshipped Trog.
Trog was most pleased with you.
You were starving.

You visited 1 branch of the dungeon, and saw 3 of its levels.

You collected 153 gold pieces.

Inventory:

Hand Weapons
 a - a +0 mace (weapon)
 t - a +0 whip of holy wrath
   (You took it off a kobold on level 3 of the Dungeon)
Armour
 b - a +0 animal skin (worn)
 j - a +0 cloak
   (You found it on level 1 of the Dungeon)
Jewellery
 q - an uncursed ring of protection from fire {unknown}
   (You found it on level 3 of the Dungeon)
Scrolls
 c - a scroll of fog {unknown}
 f - a scroll of enchant armour {unknown}
 g - 6 scrolls of identify {unknown}
 i - 2 scrolls of remove curse {unknown}
 l - a scroll of noise {unknown}
 m - a scroll of blinking {unknown}
 n - a scroll of immolation {unknown}
 r - a scroll of amnesia {unknown}
Potions
 d - a potion of degeneration {unknown}
 h - 2 potions of lignification {unknown}
 k - 4 potions of curing {unknown}
 o - a potion of heal wounds {unknown}
 p - a potion of haste {unknown}
 s - 2 potions of ambrosia {unknown}
Comestibles
 e - 7 rations {!d}


   Skills:
 + Level 5.8 Fighting
 + Level 4.0 Maces & Flails
 + Level 4.0 Dodging


You had 4 spell levels left.
You didn't know any spells.
Your spell library was empty.

Dungeon Overview and Level Annotations

Branches:
Dungeon (3/15)

Altars:
Elyvilon


Innate Abilities, Weirdness & Mutations

You are too large for most types of armour.
You have tough skin. (AC +1)


Message History

You kill the ooze!
Trog accepts your kill. The jelly barely misses you.
You see here a stone.
You hit the jelly.
Your hands burn!
The jelly hits you but does no damage.
You hit the jelly but do no damage.
Your hands burn!
The jelly barely misses you.
You hit the jelly.
Your hands burn!
The jelly completely misses you. The jelly barely misses you.
You hit the jelly but do no damage.
Your hands burn!
The jelly hits you.
You are splashed with acid!
You hit the jelly.
Your hands burn!
* * * LOW HITPOINT WARNING * * *
The jelly barely misses you.
You hit the jelly.
Your hands burn!
* * * LOW HITPOINT WARNING * * *
The jelly hits you.
* * * LOW HITPOINT WARNING * * *
The acid corrodes you!
You are splashed with acid!
* * * LOW HITPOINT WARNING * * *
There is an open door here.
Your skin crawls.
You feel resistant to hostile enchantments.
You are starving!
The jelly hits you.
* * * LOW HITPOINT WARNING * * *
You are splashed with acid.
* * * LOW HITPOINT WARNING * * *
You are no longer corroded.
There is an open gate here.
You see here 4 stones.
You see here 4 stones.
Things that are here:
a +0 whip; a stone You hit the jelly but do no damage.
Your hands burn!
* * * LOW HITPOINT WARNING * * *
The jelly hits you but does no damage.
You hit the jelly but do no damage.
Your hands burn!
* * * LOW HITPOINT WARNING * * *
The jelly hits you.
* * * LOW HITPOINT WARNING * * *
The acid corrodes you!
You are splashed with acid!
* * * LOW HITPOINT WARNING * * *
Things that are here:
2 stones; 2 poisoned darts You see here 13 arrows.
The jelly hits you.
* * * LOW HITPOINT WARNING * * *
The acid corrodes you!
You are splashed with acid!
You die...

.....##.......# #.# ####.........
#....##.......# #.########.....#.
...####.......# #>#......#.....#.
##...###.....## #...###.##..##.#.
##...####)..#####.####.>##.......
......###(('###.........##....##.
##.....#((...#(.........###......
##.....##.(###..........##..####.
..........<)((.J@.>.....##..####.
##........####................###
##.....##(## #..........##.#..###
.......##..###..(...)......#....#
.#########..†............####...#
..### ########.............#..
.[≈≈###################.##......(
♣..≈#.##....................#####
.........##########.........#


You could see a jelly.

Vanquished Creatures
  A jelly (D:3)
  6 adders
  10 oozes
  A worm (D:2)
  3 dart slugs
  A ball python (D:1)
  12 giant cockroaches
  3 hobgoblins (D:1)
  4 jackals
  17 kobolds
  A quokka (D:2)
  7 bats
  4 frilled lizards
  11 goblins
  7 rats
88 creatures vanquished.

Vanquished Creatures (others)
  A fungus (D:3)
  9 toadstools (D:3)
10 creatures vanquished.

Grand Total: 98 creatures vanquished

Notes
Turn   | Place    | Note
-------+----------+-------------------------------------------
     0 | D:1      | KyoPewz the Ogre Berserker began the quest for the Orb.
     0 | D:1      | Reached XP level 1. HP: 24/24 MP: 1/1
   138 | D:1      | Reached XP level 2. HP: 31/32 MP: 2/2
   525 | D:1      | Reached XP level 3. HP: 38/40 MP: 3/3
   600 | D:1      | Reached ** piety under Trog
  1329 | D:2      | Reached XP level 4. HP: 31/49 MP: 4/4
  1396 | D:2      | Reached skill level 5 in Fighting
  2392 | D:2      | Reached XP level 5. HP: 39/57 MP: 5/5
  2748 | D:3      | Found a white marble altar of Elyvilon.
  3164 | D:3      | Reached *** piety under Trog
  3842 | D:3      | Splashed by a jelly's acid

Illustrated notes

Levels and vault maps discovered:
D:1:      evilmike_arrival_crescent, layout_loops_ring, roderic_roman_lattice,
          minmay_small_reverse_x
D:2:      minmay_roachtagon, layout_basic
D:3:      cheibrodos_fertilizer, layout_rooms, elyvilon_altar_4

Skill      XL: |  1  2  3  4  5 |
---------------+----------------+-----
Maces & Flails | 3 4 |  4.0
Dodging        | 3 4 |  4.0
Fighting       | 5 |  5.8

Action                   |  1- 3 |  4- 6 || total
-------------------------+-------+-------++-------
Melee: Mace              |   110 |   196 ||   306
Invok: Berserk           |     1 |     2 ||     3
       Trog's Hand       |       |     2 ||     2
 Stab: Sleeping          |     1 |     2 ||     3
  Eat: Chunk             |     2 |     9 ||    11
Armor: Animal skin       |    42 |    57 ||    99
Dodge: Dodged            |    71 |   141 ||   212
